 Dungeon Crawl Stone Soup version 0.32-a0-540-g866d13106e (webtiles) character file.

Game seed: 8316037917812369374

1246 javelincjr the Changeling (level 8, -9/75 HPs)
             Began as a Troll Shapeshifter on Feb 28, 2024.
             Was a Priest of Beogh.
             Mangled by Margrim the orc apostle
             ... wielding the +16 obsidian axe {drain, demonic, Mesm ^Drain Fly SInv}
              (23 damage)
             ... on level 6 of the Dungeon.
             The game lasted 00:13:11 (3656 turns).

javelincjr the Changeling (Troll Shapeshifter)      Turns: 3656, Time: 00:13:11

Health: -9/75      AC: 11    Str: 25    XL:     8   Next: 25%
Magic:  9/9        EV: 10    Int:  6    God:    Beogh [***...]
Gold:   224        SH:  0    Dex:  9    Spells: 7/7 levels left

rFire   + . .        z - +4 dagger "Ysmoul" {protect, *Corrode rElec rPois Will++}
rCold   + . .        (no shield)
rNeg    . . .        a - +0 animal skin
rPois   +            (helmet currently unavailable)
rElec   +            (cloak currently unavailable)
rCorr   +            (gloves unavailable)
SInv    .            (boots unavailable)
Will    +++..        (no amulet)
Stlth   +            i - +4 ring of slaying
HPRegen 1.12/turn    t - ring of resist corrosion
MPRegen 0.11/turn

%: corrode self (3%)
@: beast-form, resistant, under a protective aura, enlightened, flying
A: beast (slay +3), large, unfitting armour, claws 3, regeneration 1, shaggy fur
1, tough skin 1
a: Begin Untransformation, Renounce Religion, Smiting, Recall Apostles, Dismiss
Arkwar, warrior


You were on level 6 of the Dungeon.
You worshipped Beogh.
Beogh was most pleased with you.
You were a hulking beast.
You visited 1 branch of the dungeon, and saw 6 of its levels.
You also visited: Sewer.

You collected 224 gold pieces.

Inventory:

Hand Weapons
 z - the +4 dagger "Ysmoul" (weapon) {protect, *Corrode rElec rPois Will++}
   (You found it on level 5 of the Dungeon)

   rElec:     It insulates you from electricity.
   rPois:     It protects you from poison Will++: It greatly increases your
   willpower.
   *Corrode:  It may corrode you when you take damage.
Missiles
 e - 17 poisoned darts (quivered)
 v - a curare-tipped dart
 w - 6 javelins
Armour
 a - a +0 animal skin (worn)
Jewellery
 i - a +4 ring of slaying (left claw)
 t - a ring of resist corrosion (right claw)
Talismans
 c - a beast talisman (active)
 d - a flux talisman
 m - a granite talisman
Wands
 q - a wand of paralysis (1)
Scrolls
 f - a scroll of fear {unknown}
 h - a scroll of teleportation {unknown}
 j - 3 scrolls of identify {unknown}
 k - a scroll of blinking {unknown}
 l - a scroll of poison {unknown}
 n - a scroll of acquirement {unknown}
 o - a scroll of enchant weapon {unknown}
 p - 2 scrolls of summoning {unknown}
 s - a scroll of vulnerability {unknown}
 x - a scroll of fog {unknown}
 y - a scroll of amnesia {unknown}
Potions
 b - a potion of lignification
 r - a potion of curing
 B - a potion of degeneration {unknown}


   Skills:
 + Level 3.3 Fighting
 + Level 3.6 Dodging
 + Level 5.0 Unarmed Combat
 + Level 3.1 Invocations
 * Level 6.1 Shapeshifting


You had 7 spell levels left.
You didn't know any spells.
Your spell library contained the following spells:

 Spells                   Type           Power      Damage    Failure   Level
 Ensorcelled Hibernation  Hex/Ice        0%         N/A       58%         2
 Passwall                 Erth           0%         N/A       83%         3
 Swiftness                Air            0%         N/A       83%         3
 Tukima's Dance           Hex            0%         N/A       83%         3
 Dimensional Bullseye     Hex/Tloc       0%         N/A       99%         4
 Iskenderun's Mystic Bla  Conj/Tloc      0%         2d3       99%         4


Dungeon Overview and Level Annotations

Branches:
Dungeon (6/15)             Temple (0/1) D:5           Sewer (visited)

Altars:
Elyvilon
Vehumet
Beogh

Shops:
D:1 (


Innate Abilities, Weirdness & Mutations

You are a hulking beast.
Your limbs bulge with bestial killing power. (Slay +3)
Your facial features look somewhat orcish.
You are too large for most types of armour.
You have claws for hands.
Your natural rate of healing is unusually fast.
You are covered in fur. (AC +1)
You have tough skin. (AC +1)


Message History

Your Shapeshifting skill increases to level 6!
Aiming: Paralyse
Press: ? - help, Q - select action, (/) - cycle Shift-Dir - straight line, f - Margrim
Aim: Margrim the orc apostle, wielding the +16 obsidian axe {drain, demonic, Mesm ^Drain Fly SInv} and wearing a +4 leather armour (lightly wounded, empowered by the touch of Beogh, target of orcish vengeance, chance to affect: 33%) Margrim suddenly stops moving!
The iguana bites you!
* * * LOW HITPOINT WARNING * * *
Margrim fails to defend themself.
You hit Margrim.
Your weapon exudes an aura of protection.
Margrim is lightly wounded.
The iguana bites you!
* * * LOW HITPOINT WARNING * * *
Margrim fails to defend themself.
You hit Margrim but do no damage.
Margrim is lightly wounded.
The iguana closely misses you.
Margrim fails to defend themself.
You hit Margrim but do no damage.
Margrim is lightly wounded.
The iguana completely misses you.
Margrim fails to defend themself.
You puncture Margrim!
Margrim is moderately wounded.
The iguana closely misses you.
Margrim fails to defend themself.
You hit Margrim but do no damage.
Margrim is moderately wounded.
The iguana bites you.
* * * LOW HITPOINT WARNING * * *
Margrim fails to defend themself.
You hit Margrim.
Margrim is moderately wounded.
The iguana misses you.
Margrim fails to defend themself.
You hit Margrim.
Margrim is moderately wounded.
The iguana bites you but does no damage.
Margrim fails to defend themself.
You hit Margrim.
Margrim is moderately wounded.
The iguana barely misses you.
Margrim fails to defend themself.
You hit Margrim.
Margrim is moderately wounded.
Margrim is no longer paralysed.
Margrim hits you with the +16 obsidian axe!!
You die...
Beogh appreciates Margrim's killing of a heretic priest.

######..##..#...#...
#...........##..##..
[..........########
#..######......##.. ..
#..##..##<.....#... #...
#.)#....#......#...
#....##†.'....'......#...
.........#...##..##..#...
.....##lh######..##..###'
.... #o.# #......##.. #.
..... ............
..##.... ............ ...
#..##..##..##...... ..
#### ## #####..>... .
#....... #...##..
#...####


You could see Margrim the orc apostle (divinely empowered, target of vengeance)
and an iguana (target of vengeance).

Vanquished Creatures
  Pargi (Sewer)
  A centaur (D:3)
  A kobold brigand (Sewer)
  A brain worm (Sewer)
  A scorpion (D:4)
  3 hounds
  An orc priest (D:4)
  4 iguanas
  2 orc wizards
  9 adders
  3 dart slugs
  2 ribbon worms (D:2)
  7 orcs
  7 ball pythons
  7 endoplasms
  6 giant cockroaches
  7 hobgoblins
  9 jackals
  2 quokkas
  7 bats
  2 frilled lizards
  6 goblins
  11 kobolds
  13 rats
113 creatures vanquished.

Vanquished Creatures (collateral kills)
  A water moccasin (D:6)
  A howler monkey (D:6)
  An iguana (D:5)
  An orc (D:4)
  An endoplasm (D:4)
  A kobold (D:4)
6 creatures vanquished.

Vanquished Creatures (others)
  An orc apostle (D:6)
  An iguana (D:4)
2 creatures vanquished.

Grand Total: 121 creatures vanquished

Notes
Turn   | Place    | Note
-------+----------+-------------------------------------------
     0 | D:1      | javelincjr the Troll Shapeshifter began the quest for the
                  | Orb.
     0 | D:1      | Reached XP level 1. HP: 18/18 MP: 0/0
     8 | D:1      | Found Potzatid's Antique Weapon Shoppe.
    86 | D:1      | Reached skill level 1 in Fighting
    92 | D:1      | Reached XP level 2. HP: 22/27 MP: 1/1
   312 | D:1      | Found a faded altar of an unknown god.
   323 | D:1      | Prayed at the altar of an unknown god.
   323 | D:1      | Became a worshipper of Beogh the Shepherd
   323 | D:1      | Reached * piety under Beogh
   420 | D:1      | Reached XP level 3. HP: 33/33 MP: 2/2
   773 | D:2      | Identified the +7 leather armour of Inaction {rF+++ SInv
                  | Stlth-}
   849 | D:2      | Reached ** piety under Beogh
   989 | D:2      | Reached XP level 4. HP: 41/41 MP: 3/3
  1665 | D:3      | Reached skill level 1 in Invocations
  1665 | D:3      | Reached skill level 4 in Shapeshifting
  1680 | D:3      | Reached XP level 5. HP: 46/49 MP: 4/4
  1836 | D:3      | Noticed a centaur
  1842 | D:3      | Killed a centaur
  2081 | D:3      | Found a radiant altar of Vehumet.
  2333 | D:4      | Reached XP level 6. HP: 29/57 MP: 6/6
  2479 | D:4      | Found a glowing drain.
  2499 | Sewer    | Entered a sewer
  2503 | Sewer    | Reached *** piety under Beogh
  2550 | Sewer    | Reached skill level 5 in Shapeshifting
  2550 | Sewer    | Reached XP level 7. HP: 66/66 MP: 7/7
  2609 | Sewer    | Noticed Pargi
  2616 | Sewer    | Killed Pargi
  2724 | D:4      | Noticed Arkwar
  2761 | D:4      | Anointed Arkwar the warrior as your apostle
  2896 | D:4      | Found a white marble altar of Elyvilon.
  3095 | D:5      | Entered Level 5 of the Dungeon
  3120 | D:5      | Found a staircase to the Ecumenical Temple.
  3222 | D:5      | Identified the +4 dagger "Ysmoul" {protect, *Corrode rElec
                  | rPois Will++}
  3628 | D:6      | Reached XP level 8. HP: 74/75 MP: 7/9
  3634 | D:6      | Noticed Margrim
  3645 | D:6      | Your ally Arkwar died
  3646 | D:6      | Reached skill level 5 in Unarmed Combat
  3646 | D:6      | Reached skill level 6 in Shapeshifting
  3656 | D:6      | Mangled by Margrim the orc apostle

Illustrated notes

Levels and vault maps discovered:
D:1:      dpeg_arrival_ratfight, layout_loops_ring, basic_ecumenical_altar,
          serial_shops, shop, nicolae_titane
D:2:      layout_loops_corners, serial_forest, infiniplex_forest_straight_2,
          infiniplex_forest_split, infiniplex_forest_clump_long,
          infiniplex_forest_straight_2, infiniplex_forest_straight_2,
          infiniplex_forest_clump_double, infiniplex_forest_side_room,
          infiniplex_forest_3_way
D:3:      layout_loops_cross, nicolae_vehumet_altar_sigil
D:4:      layout_rooms, nicolae_overflow_crystal_walls, gup_sewer_entry_glass,
          abandoned_shop
D:5:      layout_rooms, minmay_temple_entry_glass
D:6:      layout_gridville, uniq_pikel

Skill      XL: |  1  2  3  4  5  6  7  8 |
---------------+-------------------------+-----
Fighting       | 1 2 3 |  3.3
Dodging        | 2 3 |  3.6
Invocations    | 1 2 3 |  3.1
Shapeshifting  | 4 5 6 |  6.1
Unarmed Combat | 4 5 |  5.0

Action                     |  1- 3 |  4- 6 |  7- 9 || total
---------------------------+-------+-------+-------++-------
  Melee: Unarmed           |   118 |    92 |    56 ||   266
         Punch             |     1 |       |     3 ||     4
         Dagger            |       |       |    26 ||    26
  Throw: Dart              |       |       |     3 ||     3
 Invoke: Recruit Apostle   |       |       |     1 ||     1
  Evoke: Wand              |       |       |     7 ||     7
    Use: Potion            |       |       |     4 ||     4
   Stab: Sleeping          |       |     1 |       ||     1
         Paralysed         |       |       |    19 ||    19
 Armour: Animal skin       |    74 |    62 |    60 ||   196
  Dodge: Dodged            |    47 |    46 |    27 ||   120

Table legend: (Time is in decaauts)
 A = Elapsed time spent in this place.
 B = Non-inter-level travel time spent in this place.
 C = Inter-level travel time spent in this place.
 D = Time resting spent in this place.
 E = Time spent auto-exploring this place.
 F = Levels seen in this place.
 G = Mean time per level.
                   A        B        C        D        E       F      G
               +--------+--------+--------+--------+--------+-----+--------+
         Total |   3634 |   3504 |    130 |     42 |   2692 |   7 |  519.1 |
       Dungeon |   3454 |   3324 |    130 |     42 |   2570 |   6 |  575.7 |
         Sewer |    180 |    180 |      0 |      0 |    122 |   1 |  180.0 |
               +--------+--------+--------+--------+--------+-----+--------+

Top non-repeatable levels by time:
     D:2: 945 daAuts
     D:1: 697 daAuts
     D:3: 661 daAuts
     D:4: 591 daAuts
     D:5: 431 daAuts
   Sewer: 180 daAuts
     D:6: 127 daAuts
